 Dungeon Crawl Stone Soup version 0.32-a0-450-g080537f31e (webtiles) character file.

Game seed: 17652538723599405409

9528 BubbleThief the Summoner (level 11, -2/64 HPs)
             Began as a Tengu Summoner on Feb 24, 2024.
             Was a Follower of Vehumet.
             Slain by a wolf (9 damage)
             ... on level 1 of the Lair of Beasts.
             The game lasted 00:26:05 (9817 turns).

BubbleThief the Summoner (Tengu Summoner)           Turns: 9817, Time: 00:26:06

Health: -2/64      AC:  3    Str:  9    XL:     11   Next: 47%
Magic:  21/21      EV: 19    Int: 19    God:    Vehumet [*.....]
Gold:   523        SH:  0    Dex: 15    Spells: 13/23 levels left

rFire   . . .        x - +3 trident (vamp)
rCold   . . .        (no shield)
rNeg    . . .        e - +1 robe {Will+}
rPois   .            (helmet restricted)
rElec   .            (no cloak)
rCorr   .            (no gloves)
SInv    .            (boots unavailable)
Will    +....        (no amulet)
Stlth   +            (no ring)
HPRegen 0.30/turn    (no ring)
MPRegen 0.17/turn

%: acrobat
@: confused, ambrosia-drunk, flying, invisible, inugami summoned
A: beak, talons 3, evasive flight, acrobatic
a: Renounce Religion


You were on level 1 of the Lair of Beasts.
You worshipped Vehumet.
Vehumet was aware of your devotion.
You visited 3 branches of the dungeon, and saw 11 of its levels.

You collected 523 gold pieces.

Inventory:

Hand Weapons
 a - a +6 falchion of freezing
 x - a +3 vampiric trident (weapon)
 G - a +5 great sword
Missiles
 k - 4 atropa-tipped darts
 r - a throwing net
Armour
 e - a +1 robe of willpower (worn)
Jewellery
 o - an amulet of faith
 D - a ring of fire
 J - an amulet of reflection
Wands
 p - a wand of light (5)
 s - a wand of polymorph (8)
 v - a wand of flame (28)
 A - a wand of paralysis (10)
 C - a wand of mindburst (3)
 K - a wand of digging (5)
 L - a wand of roots (15)
Scrolls
 c - 4 scrolls of identify
 d - 2 scrolls of enchant weapon
 f - 2 scrolls of brand weapon
 g - 3 scrolls of blinking {unknown}
 i - 4 scrolls of teleportation
 m - a scroll of amnesia {unknown}
 n - a scroll of enchant armour {unknown}
 u - a scroll of immolation {unknown}
 w - 3 scrolls of fear {unknown}
 y - 2 scrolls of fog {unknown}
 E - a scroll of poison {unknown}
 F - a scroll of torment {unknown}
 H - a scroll of butterflies {unknown}
Potions
 b - a potion of magic
 h - 4 potions of heal wounds
 j - a potion of lignification
 l - a potion of might
 B - 2 potions of attraction
 M - 2 potions of brilliance
Miscellaneous
 I - a box of beasts (inert)


   Skills:
 + Level 6.2 Fighting
 + Level 7.3 Dodging
 - Level 2.0 Stealth
 + Level 6.5 Spellcasting
 + Level 14.6 Summonings
 - Level 9.0 Air Magic


You had 13 spell levels left.
You knew the following spells:

 Your Spells              Type           Power      Damage    Failure   Level
a - Summon Small Mammal   Summ           100%       N/A       1%          1
b - Call Canine Familiar  Summ           58%        N/A       1%          3
c - Call Imp              Summ           100%       N/A       1%          2
d - Summon Lightning Spi  Summ/Air       50%        N/A       1%          4

Your spell library contained the following spells:

 Spells                   Type           Power      Damage    Failure   Level
 Sandblast                Erth           12%        2d6       11%         1
 Martyr's Knell           Necr/Summ      34%        N/A       5%          4
 Summon Blazeheart Golem  Fire/Summ      34%        N/A       5%          4
 Necrotise                Necr           24%        1d5       11%         1
 Tukima's Dance           Hex            6%         N/A       32%         3
 Vampiric Draining        Necr           6%         2d6       32%         3
 Dimensional Bullseye     Hex/Tloc       3%         N/A       71%         4
 Iskenderun's Mystic Bla  Conj/Tloc      6%         2d4       71%         4
 Curse of Agony           Necr           6%         N/A       96%         5


Dungeon Overview and Level Annotations

Branches:
Dungeon (9/15)             Temple (1/1) D:7            Lair (1/5) D:9
    Orc: D:9-12

Altars:
Ashenzari
Cheibriados
Dithmenos
Elyvilon
Hepliaklqana
Kikubaaqudgha
Makhleb
Nemelex Xobeh
Okawaru
Qazlal
Ru
Sif Muna
Trog
Uskayaw
Vehumet
Wu Jian
Yredelemnul
Zin
The Shining One

Shops:
D:3 =

Annotations:
D:9 3 runed translucent doors, dang3rdave's ghost, journeyman CoCK


Innate Abilities, Weirdness & Mutations

You have a beak for a mouth.
You have claws for feet.
Your magical flight helps you evade attacks. (EV +4)
You can magically evade attacks while moving or waiting.


Message History

Your cerulean imp hits the wolf from afar with a +1 spear.
Unknown command.
Unknown command.
Press: ? - help, v - describe, . - travel
Here: a wolf The floor.
You are confused.
You feel invigorated. The wolf closely misses you. The wolf misses you.
The wolf closely misses you. The wolf bites your cerulean imp.
The wolf bites you!
* * * LOW HITPOINT WARNING * * *
The wolf misses you. The wolf bites you.
* * * LOW HITPOINT WARNING * * *
Your inugami barely misses the wolf.
Your cerulean imp misses the wolf.
Unknown command.
You bump into the rock wall.
The wolf bites your cerulean imp. The wolf closely misses you.
The wolf bites you.
* * * LOW HITPOINT WARNING * * *
The wolf bites you.
* * * LOW HITPOINT WARNING * * *
Your inugami hits the wolf! The wolf misses you.
The wolf bites your cerulean imp.
Your cerulean imp hits the wolf with a +1 spear.
The wolf closely misses you.
Unknown command.
The wolf misses you.
The wolf completely misses your cerulean imp.
The wolf bites you!
* * * LOW HITPOINT WARNING * * *
The wolf barely misses you. The wolf completely misses you.
Your lightning spire shoots out a bolt of lightning at the wolf!
The bolt of electricity hits the wolf! x2
The wolf dies!
Vehumet accepts your kill.
The bolt of electricity hits your cerulean imp.
Your cerulean imp resists.
Your inugami closely misses the wolf.
Your cerulean imp hits the wolf but does no damage.
You're too confused to move!
The wolf barely misses you. The wolf bites you!
You die...

...#.....#.###...........#...###
...####....##...####..#.#####h#
# ..# #.......#..##..#### #####
.. ##.....###..#..###########.
.. ##......#........##....... #.
#...#..##...÷.........†..?
###..#..##................
##.#...hh###.######.##..
#####.@.# ### ####.#
.###.#..h###### ####..
h.......5hI....# #.....
................. ##....
##.............F. #.....
######.#######.# #####. ### # ##


You could see 3 wolves, a friendly lightning spire (summoned), a friendly
cerulean imp (summoned) and a friendly inugami (summoned).

Vanquished Creatures
  A death yak (D:9)
  A cane toad (Lair:1)
  A hornet (D:8)
  4 yaks
  2 water moccasins
  2 black bears
  An orc warrior (D:8)
  2 ice beasts
  An ogre (D:5)
  A centaur (D:9)
  2 kobold brigands (D:5)
  A bullfrog (Lair:1)
  2 wights
  An orc priest (D:8)
  An orc wizard (D:8)
  An adder (D:3)
  6 gnolls
  A white imp (D:7)
  4 dart slugs
  A ribbon worm (D:3)
  2 orcs
  4 ball pythons
  8 endoplasms
  3 giant cockroaches
  9 goblins
  3 hobgoblins
  A jackal (D:2)
  16 kobolds
  4 quokkas
  10 bats
  2 frilled lizards
  3 rats
101 creatures vanquished.

Vanquished Creatures (collateral kills)
  A two-headed ogre (D:9)
  Joseph (D:8)
  A cane toad (Lair:1)
  3 basilisks
  6 yaks
  5 water moccasins
  A black bear (D:6)
  A sky beast (D:8)
  An ice beast (D:5)
  2 ogres
  An orc warrior (D:8)
  3 wolves (Lair:1)
  2 centaurs (D:9)
  Blork the orc (D:5)
  3 kobold brigands
  4 bullfrogs
  2 scorpions
  3 jellies
  19 wights
  An oklob sapling (D:7)
  3 hounds
  A gnoll bouda (D:5)
  6 orc priests
  2 bombardier beetles
  2 iguanas
  5 orc wizards
  A sleepcap (D:6)
  4 adders
  12 gnolls
  A shadow imp (D:5)
  4 ufetubi
  A ribbon worm (D:5)
  3 dart slugs
  16 orcs
  2 ball pythons
  An endoplasm (D:1)
  A hobgoblin (D:5)
  25 kobolds
  3 quokkas
  A bat (D:1)
  4 goblins
159 creatures vanquished.

Grand Total: 260 creatures vanquished

Notes
Turn   | Place    | Note
-------+----------+-------------------------------------------
     0 | D:1      | BubbleThief the Tengu Summoner began the quest for the Orb.
     0 | D:1      | Reached XP level 1. HP: 10/10 MP: 4/4
    39 | D:1      | Reached skill level 5 in Summonings
    81 | D:1      | Reached XP level 2. HP: 8/15 MP: 4/6
   290 | D:1      | Reached XP level 3. HP: 10/19 MP: 5/7
   301 | D:1      | Reached skill level 6 in Summonings
   454 | D:1      | Found a faded altar of an unknown god.
   916 | D:2      | Learned a level 3 spell: Call Canine Familiar
   919 | D:2      | Learned a level 2 spell: Call Imp
  1045 | D:2      | Reached XP level 4. HP: 22/24 MP: 8/8
  1519 | D:3      | Found Oboejur's Jewellery Shoppe.
  1565 | D:3      | Reached skill level 7 in Summonings
  1799 | D:3      | Found a shadowy altar of Dithmenos.
  1801 | D:3      | Found a burning altar of Makhleb.
  1958 | D:3      | Reached XP level 5. HP: 28/28 MP: 3/9
  2075 | D:3      | Found a shimmering blue altar of Sif Muna.
  2419 | D:3      | Found an ornate altar of the Wu Jian Council.
  2637 | D:4      | Reached skill level 8 in Summonings
  2644 | D:4      | Reached XP level 6. HP: 21/32 MP: 4/10
  2879 | D:4      | Reached skill level 9 in Summonings
  3247 | D:5      | Entered Level 5 of the Dungeon
  3352 | D:5      | Noticed an ice beast
  3364 | D:5      | Killed an ice beast
  3365 | D:5      | Gained mutation: Your magical flight helps you evade
                  | attacks. (EV +4) [Tengu growth]
  3365 | D:5      | Reached XP level 7. HP: 36/36 MP: 6/11
  3412 | D:5      | Learned a level 4 spell: Summon Lightning Spire
  3438 | D:5      | Noticed Blork the orc
  3453 | D:5      | Killed Blork the orc
  3454 | D:5      | Reached skill level 10 in Summonings
  3454 | D:5      | Reached skill level 1 in Air Magic
  3871 | D:5      | Reached XP level 8. HP: 35/41 MP: 8/13
  4008 | D:5      | Found a glowing silver altar of Zin.
  4348 | D:5      | Reached skill level 11 in Summonings
  4348 | D:5      | Reached skill level 5 in Air Magic
  4361 | D:5      | HP: 3/61 [kobold brigand/+0 short sword (2)]
  5002 | D:6      | Reached XP level 9. HP: 45/45 MP: 6/14
  5003 | D:6      | Reached skill level 12 in Summonings
  5374 | D:6      | Reached skill level 1 in Fighting
  5387 | D:6      | Reached skill level 13 in Summonings
  5589 | D:6      | Reached XP level 10. HP: 27/54 MP: 10/17
  5761 | D:7      | Found a snail-covered altar of Cheibriados.
  6119 | D:7      | Found a staircase to the Ecumenical Temple.
  6132 | Temple   | Entered the Ecumenical Temple
  6147 | Temple   | Became a worshipper of Vehumet
  6816 | D:8      | Noticed Joseph
  6842 | D:8      | Killed Joseph
  6843 | D:8      | Reached skill level 5 in Dodging
  6997 | D:8      | Found a broken altar of Ashenzari.
  7062 | D:8      | Reached skill level 5 in Spellcasting
  7260 | D:8      | Found an ancient bone altar of Kikubaaqudgha.
  7375 | D:8      | Found an iron altar of Okawaru.
  7704 | D:9      | Noticed a two-headed ogre
  7709 | D:9      | Reached * piety under Vehumet
  7709 | D:9      | Offered knowledge of Sandblast by Vehumet.
  7713 | D:9      | Killed a two-headed ogre
  7714 | D:9      | Reached skill level 14 in Summonings
  7975 | D:9      | Found a hazy altar of Hepliaklqana.
  8033 | D:9      | Reached skill level 5 in Fighting
  8044 | D:9      | Noticed a death yak
  8051 | D:9      | Reached XP level 11. HP: 57/63 MP: 8/20
  8226 | D:9      | Killed a death yak
  8290 | D:9      | Found a staircase to the Lair.
  8560 | D:9      | Found a runed translucent gate.
  8560 | D:9      | Found a runed translucent gate.
  8560 | D:9      | Found a runed translucent gate.
  8562 | D:9      | Noticed dang3rdave's ghost (journeyman CoCK)
  9014 | Lair:1   | Entered Level 1 of the Lair of Beasts
  9657 | Lair:1   | Identified the +2 chain mail of Daxib {rElec rC+ Will-
                  | Str+2 Int+3 Dex-2}
  9688 | Lair:1   | Noticed a boulder beetle
  9814 | Lair:1   | HP: 2/64 [wolf (5)]
  9817 | Lair:1   | Slain by a wolf

Illustrated notes

Levels and vault maps discovered:
D:1:      minmay_arrival_shoal_huts, layout_rooms,
          ebering_ecumenical_altar_petrified, dreamdust_princess_corridor
D:2:      minmay_general_purpose_star, layout_rooms, serial_forest,
          infiniplex_forest_straight_3, infiniplex_forest_corner_1,
          infiniplex_forest_clump_double, infiniplex_forest_lined_2,
          infiniplex_forest_clump_small, infiniplex_forest_end_2,
          grunt_ministairs_15, minmay_misc_feat_rows
D:3:      layout_loops_corners, nicolae_sif_muna_condensation,
          nzn_wu_jian_contemplation, chequers_temple_overflow_statue_of_worship,
          serial_shops, shop
D:4:      layout_loops_ring
D:5:      minmay_goblin_kobold_castle, layout_rooms, zin_treasury, st_stairs_7,
          serial_bayou_crossing, uniq_blork_the_orc
D:6:      layout_rooms
D:7:      layout_loops_ring, kennysheep_slug_shrine, minmay_temple_entry_oklob
D:8:      layout_loops_ring, evilmike_ruin_ashenzari, kennysheep_mini,
          mainiacjoe_overflow_24_doors, kennysheep_generic_room_3, uniq_joseph
D:9:      layout_irregular_city, mainiacjoe_overflow_six_doors_small,
          dpeg_lair_monsters, gammafunk_ghost_necromancy
Temple:   hellmonk_temple_forest_ring
Lair:1:   layout_concentric_octagons, st_stairs_9, beast_lair_carwin_4,
          lemuel_fruit_tree

Skill      XL: |  1  2  3  4  5  6  7  8  9 10 11 |
---------------+----------------------------------+-----
Summonings     | 5 6 7 8 9 10 11 13 14 | 14.6
Spellcasting   | 3 4 5 6 |  6.5
Air Magic      | 3 7 9 |  9.0
Fighting       | 2 5 6 |  6.2
Dodging        | 3 6 7 |  7.3
Stealth        | |  2.0

Action                     |  1- 3 |  4- 6 |  7- 9 | 10-12 || total
---------------------------+-------+-------+-------+-------++-------
  Melee: Unarmed           |    22 |       |       |       ||    22
         Kick              |    18 |    15 |    17 |    22 ||    72
         Peck              |    11 |    12 |    12 |    12 ||    47
         Dagger            |    65 |    32 |       |       ||    97
         Flail             |       |    36 |     1 |       ||    37
         Trident           |       |       |   111 |   101 ||   212
         Falchion          |       |       |       |    11 ||    11
   Cast: Summon Small Mamm |    21 |       |     2 |     3 ||    26
         Call Canine Famil |     1 |     9 |    23 |    28 ||    61
         Call Imp          |       |     9 |    12 |     6 ||    27
         Summon Lightning  |       |       |    15 |    29 ||    44
  Evoke: Wand              |       |       |     3 |     3 ||     6
         Box of beasts     |       |       |       |     1 ||     1
    Use: Scroll            |       |       |     4 |     8 ||    12
         Potion            |       |       |     3 |     3 ||     6
   Stab: Sleeping          |     5 |     6 |     1 |     1 ||    13
         Distracted        |     1 |       |     4 |       ||     5
 Armour: Robe              |    54 |    22 |    50 |    53 ||   179
         Skin              |       |       |     9 |       ||     9
  Dodge: Dodged            |    74 |    53 |    80 |   129 ||   336

Table legend: (Time is in decaauts)
 A = Elapsed time spent in this place.
 B = Non-inter-level travel time spent in this place.
 C = Inter-level travel time spent in this place.
 D = Time resting spent in this place.
 E = Time spent auto-exploring this place.
 F = Levels seen in this place.
 G = Mean time per level.
                   A        B        C        D        E       F      G
               +--------+--------+--------+--------+--------+-----+--------+
         Total |   9930 |   9677 |    253 |    346 |   7377 |  11 |  902.7 |
       Dungeon |   9090 |   8865 |    225 |    194 |   6834 |   9 | 1010.0 |
        Temple |     30 |      2 |     28 |      0 |      0 |   1 |   30.0 |
          Lair |    809 |    809 |      0 |    152 |    543 |   1 |  809.0 |
               +--------+--------+--------+--------+--------+-----+--------+

Top non-repeatable levels by time:
     D:5: 1740 daAuts
     D:9: 1324 daAuts
     D:8: 1219 daAuts
     D:3: 1061 daAuts
     D:6: 828 daAuts
  Lair:1: 809 daAuts
     D:2: 785 daAuts
     D:4: 747 daAuts
     D:7: 714 daAuts
     D:1: 669 daAuts
  Temple: 30 daAuts
